 Dungeon Crawl Stone Soup version 0.19-a0-1792-g28b16ba (webtiles) character file.

23 TheGoonsmith the Magician (level 2, 0/19 HPs)
             Began as a Demonspawn Wizard on Oct 4, 2016.
             Slain by a dart slug (1 damage)
             ... on level 1 of the Dungeon.
             The game lasted 00:01:16 (748 turns).

TheGoonsmith the Magician (Demonspawn Wizard)        Turns: 748, Time: 00:01:16

Health: 0/19       AC:  2    Str:  7    XL:     2   Next: 75%
Magic:  0/6        EV: 12    Int: 19    God:
Gold:   26         SH:  0    Dex: 11    Spells: 1 memorised, 6 levels left

rFire  . . .     SeeInvis .     f - +0 club
rCold  . . .     Gourm    .     a - +0 robe
rNeg   . . .     Faith    .     (no shield)
rPois  .         Spirit   .     b - +0 hat
rElec  .         Dismiss  .     (no cloak)
rCorr  .         Reflect  .     (no gloves)
MR     .....     Harm     .     (no boots)
Stlth  +.........               (no amulet)
                                (no ring)
                                (no ring)

@: no status effects
A: hooves 1
a: no special abilities


You were on level 1 of the Dungeon.
You were not hungry.

You visited 1 branch of the dungeon, and saw 1 of its levels.

You collected 26 gold pieces.

Inventory:

Hand Weapons
 f - a +0 club (weapon)
Armour
 a - a +0 robe (worn)
 b - a +0 hat (worn)
Jewellery
 e - a cursed ring of resist corrosion {unknown}
Books
 c - a book of Minor Magic

   Spells                             Type                      Level
   a - Magic Dart                     Conjuration                  1
   b - Blink                          Translocation                2
   c - Call Imp                       Summoning                    2
   d - Repel Missiles                 Charms/Air                   2
   e - Slow                           Hexes                        2
   f - Conjure Flame                  Conjuration/Fire             3
   g - Mephitic Cloud                 Conjuration/Poison/Air       3
Comestibles
 d - a bread ration
 g - a chunk of flesh


   Skills:
 - Level 1.7 Dodging
 - Level 1.7 Stealth
 + Level 3.3 Spellcasting
 * Level 2.2 Conjurations
   Level 1.0 Summonings
   Level 0.8 Translocations


You had 6 spell levels left.
You knew the following spells:

 Your Spells              Type           Power        Failure   Level  Hunger
a - Magic Dart            Conj           ##..         8%          1    None


Dungeon Overview and Level Annotations

Branches:
Dungeon (1/15)

Altars:


Innate Abilities, Weirdness & Mutations

You have large cloven feet.


Message History

You hit the hobgoblin.
You kick the hobgoblin, but do no damage.
The hobgoblin is moderately wounded.
The hobgoblin hits you but does no damage.
You closely miss the hobgoblin.
The hobgoblin is moderately wounded.
The hobgoblin barely misses you.
You hit the hobgoblin.
You kill the hobgoblin!
You hit the dart slug but do no damage. The dart slug bites you.
* * * LOW HITPOINT WARNING * * *
Casting: Magic Dart
Confirm with . or Enter, or press ? or * to list all spells.
Aiming: Magic Dart
Press: ? - help, Shift-Dir - straight line, f - dart slug
Aim: a dart slug (clinging)
The magic dart hits the dart slug.
The dart slug is moderately wounded.
The dart slug bites you.
You die...

.....##.#....).# #...# #####
##.#.##.#......# #...# #....
##.#.##.#......# #...# #....
.....##.......)## #...# #....
.....#.##.......# #...# #....
#....#.###...##.######[..####...$
.............รท.....g............w
#......#.###.##w######...########
#...............@.########
..>...............).....
##.#####............#### .....#
#.##.#.....###
.....###+##.##+#######
.....#......##.......#
##..........##.......#
#...................#
#..........#........#


You could see a dart slug.

Vanquished Creatures
  2 leopard geckos (D:1)
  3 bats (D:1)
  2 giant cockroaches (D:1)
  2 goblins (D:1)
  3 hobgoblins (D:1)
  3 kobolds (D:1)
  3 rats (D:1)
18 creatures vanquished.

Notes
Turn   | Place    | Note
-------+----------+-------------------------------------------
     0 | D:1      | TheGoonsmith the Demonspawn Wizard began the quest for the Orb.
     0 | D:1      | Reached XP level 1. HP: 13/13 MP: 4/4
    51 | D:1      | Noticed an anaconda
    51 | D:1      | Noticed a wyvern
    51 | D:1      | Noticed a hound
   185 | D:1      | Gained mutation: You have large cloven feet. [demonic ancestry]
   185 | D:1      | Reached XP level 2. HP: 13/19 MP: 0/6
   748 | D:1      | Slain by a dart slug

Vault maps used:
D:1:      onia_arrival_zoo_common

Skill      XL: |  1  2 |
---------------+-------+-----
Conjurations   | 2 |  2.2
Dodging        | |  1.7
Stealth        | |  1.7
Spellcasting   | |  3.3
Summonings     | |  1.0
Translocations | |  0.8

Action                   || total
-------------------------++-------
Melee: Unarmed           ||    10
       Club              ||    11
       Kick              ||     1
 Cast: Magic Dart        ||    40
Armor: Robe              ||     3
Dodge: Dodged            ||    12
